 Dungeon Crawl Stone Soup version 0.31-a0-460-g9e667d4245 (webtiles) character file.

Game seed: 13612589630581873742

343 MisterAzrael the Ruffian (level 6, -7/42 HPs)
             Began as an Octopode Shapeshifter on Aug 4, 2023.
             Was a Believer of Nemelex Xobeh.
             Mangled by an ogre
             ... wielding a +0 giant spiked club
              (24 damage)
             ... on level 4 of the Dungeon.
             The game lasted 00:03:17 (2257 turns).

MisterAzrael the Ruffian (Octopode Shapeshifter)    Turns: 2257, Time: 00:03:18

Health: -7/42      AC:  1    Str: 22    XL:     6   Next: 57%
Magic:  17/17      EV: 13    Int: 13    God:    Nemelex Xobeh [**....]
Gold:   74         SH:  0    Dex: 13    Spells: 8/8 levels left

rFire   . .          .
                       - Unarmed
rCold   + . .        (no shield)
rNeg    . . .        (helmet currently unavailable)
rPois   .            m - amulet of Repsuri {RegenMP Will+ MP+9 Int+3}
rElec   .            l - +6 ring of strength
rCorr   .            (no ring)
SInv    .            (no ring)
Will    +....        (no ring)
Stlth   ++           (no ring)
HPRegen 0.27/turn    (no ring)
MPRegen 0.55/turn    (no ring)
                     (no ring)

%: no passive effects
@: beast-form
A: beast (slay +2), almost no armour, amphibious, 8 rings, camouflage 1,
gelatinous body 1, (nimble swimmer 1), tentacles, cold resistance 1
a: Begin Untransformation, Renounce Religion, Draw Escape, Draw Destruction,
Draw Summoning


You were on level 4 of the Dungeon.
You worshipped Nemelex Xobeh.
Nemelex Xobeh was pleased with you.
You were a hulking beast.
You visited 1 branch of the dungeon, and saw 4 of its levels.

You collected 74 gold pieces.

Inventory:

Jewellery
 l - a +6 ring of strength (left tentacle)
 m - the amulet of Repsuri (around mantle) {RegenMP Will+ MP+9 Int+3}
   (You found it on level 3 of the Dungeon)

   [amulet of magic regeneration]

   It increases your rate of magic regeneration.
   Int:       It affects your intelligence (+3).
   MP:        It affects your magic capacity (+9).
   Will:      It increases your willpower.
Talismans
 b - a beast talisman (active)
Scrolls
 c - 4 scrolls of enchant armour {unknown}
 f - 5 scrolls of identify {unknown}
 j - a scroll of amnesia {unknown}
Potions
 d - a potion of attraction
 h - a potion of curing {unknown}
 k - a potion of might {unknown}
 n - a potion of magic {unknown}


   Skills:
 * Level 3.2 Fighting
 + Level 3.0 Dodging
 * Level 4.4 Unarmed Combat
 + Level 1.6 Spellcasting
 * Level 4.0 Shapeshifting


You had 8 spell levels left.
You didn't know any spells.
Your spell library contained the following spells:

 Spells                   Type           Power      Damage    Failure   Level
 Apportation              Tloc           2%         N/A       26%         1
 Necrotise                Necr           4%         1d4       26%         1
 Summon Small Mammal      Summ           4%         N/A       26%         1
 Call Canine Familiar     Summ           1%         N/A       63%         3
 Summon Guardian Golem    Hex/Summ       1%         N/A       63%         3
 Tukima's Dance           Hex            1%         N/A       63%         3
 Passage of Golubria      Tloc           1%         N/A       95%         4
 Yara's Violent Unravell  Hex/Tmut       0%         3d3       100%        5


Dungeon Overview and Level Annotations

Branches:
Dungeon (4/15)
 Temple: D:4-7

Altars:
Nemelex Xobeh


Innate Abilities, Weirdness & Mutations

You are a hulking beast.
Your limbs bulge with bestial killing power. (Slay +2)
You cannot wear most types of armour.
You are amphibious.
You can wear up to eight rings at the same time.
Your skin changes colour to match your surroundings (Stealth+).
Your rubbery body absorbs attacks. (AC +1, EV +1)
((You are camouflaged when in or above water. (Stealth+)))
You have tentacles for arms and can constrict up to eight enemies at once.
Your flesh is cold resistant. (rC+)


Message History

You feel very sick.
You feel sick. x8
You are no longer poisoned.
You start resting.
Your transformation is almost over.
You feel less wooden.
You turn into a hulking beast.
You start resting.
HP restored.
You see here a scorpion corpse.
Found a stone staircase leading down.
Found a whip.
An ogre comes into view. It is wielding a +0 giant spiked club.
An ogre is nearby!
You see here a +0 whip.
The ogre shouts!
The ogre hits you with a +0 giant spiked club!!
Ouch! That really hurt!
You are too injured to fight recklessly!
You are too injured to fight recklessly!
You are too injured to fight recklessly!
It was a potion of attraction.
You feel attractive to monsters. The ogre attacks as you move away!
The ogre completely misses you.
You see here a +0 whip.
It was a potion of enlightenment.
You feel very buoyant.
You fly up into the air.
The ogre misses you.
It was a potion of cancellation.
Your magical effects are unravelling.
You feel magically purged.
You float gracefully downwards.
Your enlightenment fades.
You feel less attractive to monsters. The ogre attacks as you move away!
The ogre misses you.
It was a potion of mutation.
You feel extremely strange.
You feel resistant to cold.
The ogre hits you with a +0 giant spiked club!!
Ouch! That really hurt!
You die...
Your body disappears without a glow.

########.#.#.#..#.#
#.#.#.#....#
########.#.#.#....#
.......#.#.#.##...#
.......#.#.#.##...#
.......#..........#
.......#.#####.#.##
#.#......####.##.#
#.#########^††##h#
..# #..####.O# ###
#.# #)## #^ #.##
#..# ##.# .# .# .#


You could see an ogre.

Vanquished Creatures
  4 scorpions (D:4)
  A howler monkey (D:4)
  4 adders
  A worm (D:3)
  A dart slug (D:4)
  An orc (D:4)
  A bat (D:3)
  2 endoplasms (D:1)
  2 giant cockroaches
  6 goblins
  3 hobgoblins
  2 jackals (D:3)
  A quokka (D:3)
  2 ball pythons
  5 frilled lizards
  3 kobolds
  5 rats
44 creatures vanquished.

Notes
Turn   | Place    | Note
-------+----------+-------------------------------------------
     0 | D:1      | MisterAzrael the Octopode Shapeshifter began the quest for
                  | the Orb.
     0 | D:1      | Reached XP level 1. HP: 13/13 MP: 1/1
   282 | D:1      | Reached XP level 2. HP: 16/18 MP: 2/2
   842 | D:1      | Found a faded altar of an unknown god.
   986 | D:1      | Prayed at the altar of an unknown god.
   986 | D:1      | Became a worshipper of Nemelex Xobeh the Trickster
   986 | D:1      | Reached * piety under Nemelex Xobeh
  1037 | D:2      | Reached XP level 3. HP: 20/23 MP: 3/3
  1083 | D:2      | You fall into a shaft and drop 1 floor!
  1098 | D:3      | Received a gift from Nemelex Xobeh
  1586 | D:3      | Identified the amulet of Repsuri {RegenMP Will+ MP+9 Int+3}
  1671 | D:3      | Reached XP level 4. HP: 29/29 MP: 4/4
  1677 | D:3      | Reached ** piety under Nemelex Xobeh
  1915 | D:4      | Reached skill level 1 in Spellcasting
  1969 | D:4      | Reached XP level 5. HP: 18/34 MP: 6/6
  2071 | D:4      | Reached XP level 6. HP: 33/41 MP: 8/8
  2257 | D:4      | Gained mutation: Your flesh is cold resistant. (rC+)
                  | [potion of mutation]
  2257 | D:4      | Mangled by an ogre

Illustrated notes

Levels and vault maps discovered:
D:1:      nzn_arrival_depleted_hourglass, layout_basic,
          shapermc_ecumenical_altar_mp_ritualfount, minmay_pentomino_t2
D:2:      layout_rooms, basic_altar, serial_bayou_pond_c
D:3:      layout_basic, minivault_14, minmay_fountain_box,
          nicolae_houndstooth_variations
D:4:      old_forge, layout_basic, uniq_grinder

Skill      XL: |  1  2  3  4  5  6 |
---------------+-------------------+-----
Fighting       | 2 3 |  3.2
Spellcasting   | 1 |  1.6
Unarmed Combat | 4 |  4.4
Dodging        | 3 |  3.0
Shapeshifting  | 4 |  4.0

Action                     |  1- 3 |  4- 6 || total
---------------------------+-------+-------++-------
  Melee: Unarmed           |    55 |    39 ||    94
         Constrict         |    12 |     5 ||    17
         Tentacles         |    10 |     6 ||    16
         Punch             |     1 |     1 ||     2
    Use: Potion            |       |     5 ||     5
   Stab: Sleeping          |    13 |     2 ||    15
         Distracted        |       |     1 ||     1
 Armour: Skin              |     2 |    17 ||    19
  Dodge: Dodged            |    20 |    18 ||    38
         Form:             |     1 |       ||     1
         Beast             |     1 |       ||     1

Table legend: (Time is in decaauts)
 A = Elapsed time spent in this place.
 B = Non-inter-level travel time spent in this place.
 C = Inter-level travel time spent in this place.
 D = Time resting spent in this place.
 E = Time spent auto-exploring this place.
 F = Levels seen in this place.
 G = Mean time per level.
                   A        B        C        D        E       F      G
               +--------+--------+--------+--------+--------+-----+--------+
         Total |   2249 |   2207 |     42 |    225 |   1626 |   4 |  562.2 |
       Dungeon |   2249 |   2207 |     42 |    225 |   1626 |   4 |  562.2 |
               +--------+--------+--------+--------+--------+-----+--------+

Top non-repeatable levels by time:
     D:1: 1030 daAuts
     D:3: 814 daAuts
     D:4: 354 daAuts
     D:2: 50 daAuts
